 Dungeon Crawl Stone Soup version 0.29.1-15-g9cfb28693d (webtiles) character file.

Game seed: 10960226702551042599

2369 leafyfresh the Covert (level 9, 0/65 HPs)
             Began as an Octopode Delver on Mar 6, 2023.
             Killed from afar by a gargoyle (13 damage)
             ... with a stone arrow
             ... on level 6 of the Dungeon.
             The game lasted 00:08:36 (6970 turns).

leafyfresh the Covert (Octopode Delver)             Turns: 6970, Time: 00:08:36

Health: 0/65       AC:  5    Str: 11    XL:     9   Next: 44%
Magic:  9/9        EV: 16    Int: 16    God:
Gold:   296        SH:  0    Dex: 14    Spells: 8/8 levels left

rFire   . . .      SeeInvis +   D - +6 glaive (venom)
rCold   . . .      Faith    .   (shield currently unavailable)
rNeg    . . .      Spirit   .   (helmet restricted)
rPois   .          Reflect  .   (no amulet)
rElec   .          Harm     .   q - +4 ring of slaying
rCorr   .          Rampage  .   p - ring of willpower
Will    +....                   A - +4 ring of protection
Stlth   ++++++....              v - ring of see invisible
HPRegen 0.20/turn               (no ring)
MPRegen 0.11/turn               (no ring)
                                (no ring)
                                (no ring)

@: no status effects
A: almost no armour, amphibious, 8 rings, camouflage 1, gelatinous body 1,
(nimble swimmer 1), tentacles
a: no special abilities


You were on level 6 of the Dungeon.
You visited 1 branch of the dungeon, and saw 6 of its levels.

You collected 296 gold pieces.

Inventory:

Hand Weapons
 a - a +0 short sword
 l - a +3 whip
 B - a +5 vorpal flail
 D - a +6 glaive of venom (weapon)
Missiles
 n - a throwing net (quivered)
Magical Staves
 s - a staff of cold
Jewellery
 p - a ring of willpower (right tentacle)
 q - a +4 ring of slaying (left tentacle)
 v - a ring of see invisible (on tentacle)
 A - a +4 ring of protection (on tentacle)
Wands
 f - a wand of digging (3)
 j - a wand of iceblast (9)
Scrolls
 b - a scroll of fog
 c - a scroll of magic mapping
 g - 9 scrolls of identify {unknown}
 h - a scroll of blinking {unknown}
 m - a scroll of vulnerability {unknown}
 t - a scroll of teleportation {unknown}
 u - 2 scrolls of enchant armour {unknown}
 x - 2 scrolls of amnesia {unknown}
 y - a scroll of torment {unknown}
 z - a scroll of noise {unknown}
Potions
 e - a potion of haste
 i - 2 potions of might {unknown}
 k - 2 potions of brilliance {unknown}
 o - a potion of lignification {unknown}
 r - 6 potions of curing {unknown}
 w - a potion of cancellation {unknown}
 C - a potion of resistance {unknown}


   Skills:
 + Level 7.7 Fighting
 - Level 2.0 Short Blades
 + Level 7.4 Dodging
 + Level 12.1 Stealth


You had 8 spell levels left.
You didn't know any spells.
Your spell library contained the following spells:

 Spells                   Type           Power      Damage    Failure   Level
 Summon Small Mammal      Summ           0%         N/A       26%         1
 Call Canine Familiar     Summ           0%         N/A       58%         3
 Summon Guardian Golem    Hex/Summ       0%         N/A       58%         3


Dungeon Overview and Level Annotations

Branches:
Dungeon (6/15)
 Temple: D:4-7

Altars:
Cheibriados
Kikubaaqudgha
Uskayaw


Innate Abilities, Weirdness & Mutations

You cannot wear most types of armour.
You are amphibious.
You can wear up to eight rings at the same time.
Your skin changes colour to match your surroundings (Stealth+).
Your rubbery body absorbs attacks. (AC +1, EV +1)
((You are camouflaged when in or above water. (Stealth+)))
You have tentacles for arms and can constrict up to eight enemies at once.


Message History

Reach: D) +6 glaive (venom)
Press: ? - help, Dir - move target, f - you
Okay, then.
You barely miss the gargoyle. You grab the gargoyle.
You constrict the gargoyle, but do no damage.
The gargoyle hits you with a +0 flail.
You hit the gargoyle but do no damage.
You squeeze the gargoyle, but do no damage.
You constrict the gargoyle, but do no damage.
The gargoyle hurls a stone arrow at you.
The stone arrow hits you! The gargoyle hits you with a +0 flail!
You are too injured to fight recklessly!
You are too injured to fight recklessly!
You hit the gargoyle.
The gargoyle is moderately damaged.
You constrict the gargoyle, but do no damage.
The gargoyle hits you with a +0 flail!
* * * LOW HITPOINT WARNING * * *
The gargoyle misses you.
You slash the gargoyle!
You squeeze the gargoyle, but do no damage.
The gargoyle is heavily damaged.
You constrict the gargoyle, but do no damage.
The gargoyle hits you with a +0 flail.
* * * LOW HITPOINT WARNING * * *
The gargoyle completely misses you.
Throw: 2 throwing nets
Press: ? - help, Q - select action, (/) - cycle Shift-Dir - straight line, f - gargoyle
Aim: a gargoyle, wielding a +0 flail (heavily damaged, constricted by you, 94% to hit)
You throw a throwing net. The throwing net hits the gargoyle.
The gargoyle is caught in the net!
The gargoyle is heavily damaged.
You constrict the gargoyle, but do no damage.
The gargoyle struggles against the net.
You hit the gargoyle but do no damage.
The gargoyle is heavily damaged.
You constrict the gargoyle.
The gargoyle hurls a stone arrow at you.
The stone arrow hits you!
You die...

#.....##.##### #.# .......#.# #.#
#.....##.# #.# ##...###+## #.#
##.###...## #.# ####.....## ###.#
## # ##.......## ##.#.# ##.
####.........####....##########..
...+.........'..@9..........9....
####.........##......##########..
# ##.......#........# ##.
##.....##...##'### ##
##...###...# ..# ##'## ###.# ....
#.# #.# .#.. #.# ### ###. ##.##


You could see a gargoyle (caught).

Vanquished Creatures
  Maggie (D:6)
  Grinder (D:6)
  Sigmund (D:5)
  A shadow (D:5)
  Edmund (D:4)
  2 water moccasins (D:6)
  A black bear (D:6)
  2 ogres
  A phantom (D:6)
  A necrophage (D:5)
  A gnoll sergeant (D:6)
  A howler monkey (D:5)
  2 jellies (D:5)
  An orc priest (D:6)
  5 hounds (D:5)
  Ijyb (D:5)
  Jessica (D:2)
  2 iguanas
  3 orc wizards
  14 gnolls
  12 adders
  A worm (D:4)
  4 dart slugs
  10 orcs
  7 ball pythons
  8 bats
  2 endoplasms
  3 giant cockroaches
  5 goblins
  9 hobgoblins
  6 jackals (D:5)
  4 kobolds
  2 quokkas
  2 frilled lizards
  3 rats
121 creatures vanquished.

Notes
Turn   | Place    | Note
-------+----------+-------------------------------------------
     0 | D:5      | leafyfresh the Octopode Delver began the quest for the Orb.
     0 | D:5      | Reached XP level 1. HP: 16/16 MP: 1/1
     2 | D:5      | Noticed a jelly
     9 | D:5      | Killed a jelly
    10 | D:5      | Reached skill level 7 in Stealth
    10 | D:5      | Reached XP level 2. HP: 21/21 MP: 2/2
    10 | D:5      | Reached XP level 3. HP: 26/26 MP: 3/3
    89 | D:5      | Reached XP level 4. HP: 17/33 MP: 4/4
   521 | D:5      | Found a snail-covered altar of Cheibriados.
   552 | D:5      | Noticed Sigmund
   560 | D:5      | Killed Sigmund
   561 | D:5      | Reached skill level 8 in Stealth
   561 | D:5      | Reached XP level 5. HP: 38/38 MP: 5/5
   561 | D:5      | Reached XP level 6. HP: 44/44 MP: 6/6
   689 | D:5      | Noticed Ijyb
   695 | D:5      | Killed Ijyb
   890 | D:5      | Reached skill level 5 in Fighting
   890 | D:5      | Reached XP level 7. HP: 50/50 MP: 7/7
  1104 | D:5      | Reached skill level 9 in Stealth
  1114 | D:5      | Noticed a shadow
  1134 | D:5      | Killed a shadow
  1135 | D:5      | Reached skill level 5 in Dodging
  1202 | D:4      | Found a hide-covered altar of Uskayaw.
  1593 | D:4      | Reached XP level 8. HP: 51/57 MP: 8/8
  1666 | D:3      | Found an ancient bone altar of Kikubaaqudgha.
  1680 | D:3      | Reached skill level 10 in Stealth
  2544 | D:2      | Noticed Jessica
  3537 | D:1      | Found a faded altar of an unknown god.
  3789 | D:2      | Killed Jessica
  5179 | D:4      | Noticed Edmund
  5195 | D:4      | Killed Edmund
  5757 | D:6      | Reached skill level 11 in Stealth
  5767 | D:6      | Noticed Grinder
  5806 | D:6      | Killed Grinder
  5807 | D:6      | Reached XP level 9. HP: 43/64 MP: 9/9
  6050 | D:6      | Noticed Maggie
  6057 | D:6      | Killed Maggie
  6148 | D:6      | HP: 1/64 [ogre/+0 giant club (30)]
  6489 | D:6      | Reached skill level 12 in Stealth
  6560 | D:6      | Noticed a gargoyle
  6970 | D:6      | Killed from afar by a gargoyle

Illustrated notes

Levels and vault maps discovered:
D:1:      evilmike_arrival_hilbert_curve, layout_basic,
          shapermc_ecumenical_altar_mp_ritualfount, grunt_decor_junction
D:2:      layout_basic, roderic_roman_lattice, st_stairs_12,
          minmay_fountain_box, kennysheep_pointless_box, uniq_jessica
D:3:      layout_basic, nicolae_overflow_crystal_walls, minivault_24
D:4:      layout_cave_pods, nicolae_uskayaw_murder_on_the_dancefloor,
          uniq_edmund
D:5:      minmay_chambers_of_fours, layout_basic, kennysheep_mini_moat,
          uniq_sigmund, uniq_ijyb, uniq_duvessa
D:6:      layout_loops_corners, nicolae_wu_jian_immortal_techniques,
          minmay_temple_entry_enclosed_plants, uniq_grinder, uniq_maggie

Skill      XL: |  1  2  3  4  5  6  7  8  9 |
---------------+----------------------------+-----
Stealth        | 7 8 9 11 12 | 12.1
Dodging        | 3 4 5 6 7 |  7.4
Fighting       | 4 5 7 |  7.7
Short Blades   | |  2.0

Action                   |  1- 3 |  4- 6 |  7- 9 || total
-------------------------+-------+-------+-------++-------
Melee: Short sword       |    26 |    25 |    20 ||    71
       Constrict         |     7 |     6 |    44 ||    57
       Tentacles         |     3 |     8 |    40 ||    51
       Whip              |       |       |   113 ||   113
       Punch             |       |       |     5 ||     5
       Flail             |       |       |    40 ||    40
       Staff             |       |       |     2 ||     2
       Glaive            |       |       |    11 ||    11
Throw: Throwing net      |       |       |     1 ||     1
  Use: Scroll            |       |       |     2 ||     2
       Potion            |       |       |     2 ||     2
 Stab: Sleeping          |     1 |     7 |    36 ||    44
       Distracted        |       |       |     1 ||     1
Armor: Skin              |       |       |    11 ||    11
Dodge: Dodged            |    28 |     7 |   116 ||   151
